 Dungeon Crawl Stone Soup version 0.28.0-1-gb440e238dd (webtiles) character file.

Game seed: 1882260581652980731

7905 issech the Basher (level 11, -4/98 HPs)
             Began as a Troll Monk on Feb 19, 2022.
             Was a Believer of Hepliaklqana.
             Slain by a two-headed ogre (25 damage)
             ... on level 1 of the Orcish Mines.
             The game lasted 00:43:59 (10572 turns).

issech the Basher (Troll Monk)                     Turns: 10572, Time: 00:44:00

Health: -4/98      AC:  8    Str: 21    XL:     11   Next: 2%
Magic:  10/10      EV: 13    Int:  6    God:    Hepliaklqana [**....]
Gold:   723        SH:  0    Dex: 16    Spells: 10/10 levels left

rFire   . . .      SeeInvis .   g - +4 club (spect)
rCold   + . .      Faith    .   (no shield)
rNeg    . . .      Spirit   .   Z - +2 robe {Will+}
rPois   .          Reflect  .   (helmet restricted)
rElec   .          Harm     .   l - +1 cloak
rCorr   .          Rampage  .   (gloves unavailable)
Will    +....                   (boots unavailable)
Stlth   +++.......              (no amulet)
HPRegen 1.06/turn               E - ring of wizardry
MPRegen 0.12/turn               U - ring of protection from cold

@: no status effects
A: reduced essence, large, unfitting armour, claws 3, regeneration 1, shaggy fur
1, tough skin 1
a: Renounce Religion, Recall Ancestor, Ancestor Identity


You were on level 1 of the Orcish Mines.
You worshipped Hepliaklqana.
Hepliaklqana was pleased with you.
You visited 3 branches of the dungeon, and saw 12 of its levels.

You collected 723 gold pieces.

Inventory:

Hand Weapons
 g - a +4 spectral club (weapon)
 q - a +1 mace of holy wrath
 u - a +1 mace of distortion
 w - a +0 mace of draining
 y - a +0 morningstar
 K - a +4 dagger
 N - a +0 shortbow
 O - the +5 rapier "Latud" {drain, +Blink Int-5 Dex+5}
   (You found it on level 7 of the Dungeon)

   A truly terrible weapon, it drains the life of any living foe it strikes.
   Int:       It affects your intelligence (-5).
   Dex:       It affects your dexterity (+5).
   +Blink:    It lets you blink.
 P - a +1 long sword of freezing
 T - a +1 scimitar of protection
Missiles
 e - 36 sling bullets
 f - 310 stones
 h - 20 poisoned darts
 m - 6 large rocks
 n - 85 arrows
 r - 24 bolts
 I - 2 boomerangs (quivered)
 X - a throwing net
Armour
 b - a +0 robe
 k - a +2 robe of resistance
 l - a +1 cloak (worn)
 S - a +0 animal skin
 Z - a +2 robe of willpower (worn)
Magical Staves
 x - a staff of poison
Jewellery
 E - a ring of wizardry (left claw)
 U - a ring of protection from cold (right claw)
Wands
 F - a wand of digging (9)
 G - a wand of flame (9)
 M - a wand of polymorph (7)
Scrolls
 a - a scroll of brand weapon {unknown}
 d - 2 scrolls of enchant weapon
 i - a scroll of magic mapping
 s - 3 scrolls of teleportation
 v - 4 scrolls of torment
 A - a scroll of silence
 C - a scroll of blinking
 D - a scroll of holy word
Potions
 c - 4 potions of might {unknown}
 j - 4 potions of mutation {unknown}
 o - 2 potions of magic {unknown}
 p - 3 potions of flight {unknown}
 t - 4 potions of curing
 z - 2 potions of lignification {unknown}
 B - a potion of berserk rage {unknown}
 L - a potion of brilliance {unknown}
 Q - a potion of degeneration {unknown}
 W - a potion of heal wounds {unknown}


   Skills:
 + Level 7.3 Fighting
 + Level 10.0 Maces & Flails
 + Level 2.6 Bows
 + Level 1.6 Throwing
 + Level 6.5 Dodging
 + Level 4.1 Stealth


You had 10 spell levels left.
You didn't know any spells.
Your spell library contained the following spells:

 Spells                   Type           Power      Damage    Failure   Level
 Foxfire                  Conj/Fire      0%         2x1d4     21%         1
 Static Discharge         Conj/Air       0%         N/A       28%         2
 Sublimation of Blood     Necr           0%         N/A       28%         2
 Call Canine Familiar     Summ           0%         N/A       50%         3
 Conjure Flame            Conj/Fire      0%         6-21      50%         3
 Ignite Poison            Fire/Tmut/Pois 0%         N/A       50%         3
 Inner Flame              Hex/Fire       0%         N/A       50%         3
 Mephitic Cloud           Conj/Pois/Air  0%         N/A       50%         3
 Portal Projectile        Hex/Tloc       0%         N/A       50%         3
 Tukima's Dance           Hex            0%         N/A       50%         3
 Anguish                  Hex/Necr       0%         N/A       86%         4
 Cause Fear               Hex            0%         N/A       86%         4
 Flame Wave               Conj/Fire      0%         2d4       86%         4
 Hailstorm                Conj/Ice       0%         3d3       86%         4
 Ice Form                 Ice/Tmut       0%         N/A       86%         4
 Leda's Liquefaction      Hex/Erth       0%         N/A       86%         4
 Petrify                  Tmut/Erth      0%         N/A       86%         4
 Freezing Cloud           Conj/Ice/Air   0%         6-21      99%         5
 Irradiate                Conj/Tmut      0%         3d14      99%         5
 Lightning Bolt           Conj/Air       0%         1d11      99%         5
 Simulacrum               Ice/Necr       0%         N/A       100%        6
 Enfeeble                 Hex            0%         N/A       100%        7
 Discord                  Hex            0%         N/A       100%        8
 Maxwell's Capacitive Co  Air            0%         ∞         100%        8


Dungeon Overview and Level Annotations

Branches:
Dungeon (9/15)             Temple (1/1) D:7             Orc (2/2) D:9
   Lair: D:8-11         Elf: Orc:2

Altars:
Ashenzari
Cheibriados
Dithmenos
Elyvilon
Fedhas
Gozag
Hepliaklqana
Kikubaaqudgha
Makhleb
Nemelex Xobeh
Okawaru
Qazlal
Ru
Sif Muna
Trog
Uskayaw
Vehumet
Wu Jian
Xom
Yredelemnul
Zin
The Shining One
Beogh

Shops:
D:6 [   Orc:1 *   Orc:2 !


Innate Abilities, Weirdness & Mutations

Your life essence is reduced to manifest your ancestor. (-10% HP)
You are too large for most types of armour.
You have claws for hands.
Your natural rate of healing is unusually fast.
You are covered in fur. (AC +1)
You have tough skin. (AC +1)


Message History

The ogre mage hits you from afar with a +2 spear of flaming.
The ogre mage burns you.
You hit the orc warrior but do no damage.
The orc warrior is severely wounded.
The orc warrior completely misses you.
You hit the orc warrior.
The orc warrior is almost dead.
The ogre mage closely misses you.
Xochitl points at the orc warrior and mumbles some strange words.
The stone arrow hits the orc warrior!
The orc warrior dies!
You swap places.
Xochitl points at the ogre mage and mumbles some strange words.
The puff of frost hits the ogre mage!
The ogre mage casts a spell at the two-headed ogre.
The two-headed ogre seems to speed up.
The orc wizard mumbles some strange words.
The orc wizard flickers and vanishes!
Deactivating autopickup; reactivate with Ctrl-A.
There is a stone staircase leading up, spattered with blood here.
You climb upwards.
Reactivating autopickup.
There is a stone staircase leading down here.
You climb downwards.
The two-headed ogre hits you with a +0 giant club!!
The two-headed ogre misses you.
There is a stone staircase leading up, spattered with blood here.
The two-headed ogre closely misses you.
The two-headed ogre hits you with a +0 giant club!
The ogre mage misses you.
You climb upwards.
There is a stone staircase leading down here.
Xochitl hits the two-headed ogre with a +0 quarterstaff!
Xochitl casts a spell at the two-headed ogre.
The puff of frost hits the two-headed ogre!
The two-headed ogre hits you with a +0 giant club. x2
The two-headed ogre hits you with a +0 giant club!
* * * LOW HITPOINT WARNING * * *
The two-headed ogre hits you with a +0 giant club!!
You die...

#.........#.#...#.....#
###........)#.#..##......
#.....###.........#......
##.....###.....#####.....
##.....#.........###....
##...###.........#...#.
##>R.#....#.........##
#...O....####÷.^...##
###..@..######.....##
####.## #...÷[÷...##
#...# ##....#.÷...#
##.####.....#.....#
#####......##.....
#....#####)....
#.....#.##[....
###.........<..
##....#.#..##..


You could see the friendly Xochitl the battlemage and a two-headed ogre (fast,
ally target).

Vanquished Creatures
  A two-headed ogre (Orc:1)
  A troll (Orc:1)
  Prince Ribbit (D:7)
  A shadow (D:9)
  2 yaks
  Grum (D:8)
  2 wargs (Orc:1)
  An acid dragon (D:9)
  A water moccasin (D:7)
  An ice beast (D:6)
  2 orc warriors (D:9)
  2 necrophages
  3 ogres
  3 black bears
  2 wolves (D:8)
  A centaur (D:7)
  Blork the orc (D:6)
  3 bullfrogs
  A scorpion (D:5)
  A water moccasin zombie (D:7)
  5 wights
  3 killer bees (D:6)
  5 howler monkeys
  An electric eel (D:9)
  A centaur zombie (D:7)
  2 bullfrog skeletons
  7 orc priests
  3 jellies
  A hound (D:5)
  Jessica (D:3)
  3 centaur skeletons
  5 iguanas
  Natasha (D:2)
  4 orc wizards
  Terence (D:2)
  A hound skeleton (D:4)
  3 howler monkey zombies
  A howler monkey skeleton (D:7)
  7 gnolls
  10 adders
  2 worms
  3 dart slugs
  29 orcs
  8 ball pythons
  5 endoplasms
  2 giant cockroaches
  9 goblins
  3 hobgoblins
  2 jackals (D:1)
  10 kobolds
  2 quokkas
  3 bats
  4 frilled lizards
  4 rats
  3 bushes (D:9)
185 creatures vanquished.

Vanquished Creatures (collateral kills)
  An oklob plant (D:9)
  A cyclops (Orc:1)
  A hornet (D:9)
  4 yaks (D:9)
  A steam dragon (D:8)
  3 orc warriors
  2 wolves (D:8)
  An ogre (Orc:2)
  A bullfrog (D:8)
  3 wights (D:9)
  An electric eel (D:9)
  3 orc priests
  A gnoll shaman (D:9)
  4 orc wizards
  6 orcs
  A bush (D:9)
34 creatures vanquished.

Vanquished Creatures (others)
  6 battlemagi
  3 fungi (D:9)
  11 plants (D:9)
20 creatures vanquished.

Grand Total: 239 creatures vanquished

Notes
Turn   | Place    | Note
-------+----------+-------------------------------------------
     0 | D:1      | issech the Troll Monk began the quest for the Orb.
     0 | D:1      | Reached XP level 1. HP: 22/22 MP: 0/0
   296 | D:1      | Reached XP level 2. HP: 29/29 MP: 1/1
   339 | D:1      | Found Qiojekli's Antique Weapon Emporium.
   446 | D:1      | Reached skill level 3 in Maces & Flails
   584 | D:1      | Found a faded altar of an unknown god.
   794 | D:2      | Reached XP level 3. HP: 36/36 MP: 2/2
   848 | D:2      | Noticed Terence
   974 | D:2      | Reached XP level 4. HP: 38/44 MP: 3/3
  1164 | D:2      | Killed Terence
  1484 | D:2      | Noticed Natasha
  1496 | D:2      | Killed Natasha
  1497 | D:2      | Reached skill level 4 in Maces & Flails
  1497 | D:2      | Reached XP level 5. HP: 53/53 MP: 4/4
  1810 | D:3      | Noticed a necrophage
  1821 | D:3      | Killed a necrophage
  1830 | D:3      | Found a stormy altar of Qazlal.
  1833 | D:3      | Found an iron altar of Okawaru.
  1837 | D:3      | Found a glowing golden altar of the Shining One.
  1839 | D:3      | Found a shimmering blue altar of Sif Muna.
  1839 | D:3      | Found an ancient bone altar of Kikubaaqudgha.
  2013 | D:3      | Noticed Jessica
  2020 | D:3      | Reached XP level 6. HP: 61/61 MP: 5/5
  2025 | D:3      | Killed Jessica
  2345 | D:4      | Reached skill level 5 in Maces & Flails
  2558 | D:4      | Found an opulent altar of Gozag.
  2559 | D:4      | Found a sparkling altar of Nemelex Xobeh.
  2614 | D:4      | Reached XP level 7. HP: 67/67 MP: 6/6
  2867 | D:4      | Found a shadowy altar of Dithmenos.
  2997 | D:5      | Entered Level 5 of the Dungeon
  3206 | D:5      | Reached skill level 6 in Maces & Flails
  3922 | D:6      | Found Ecilel's Antique Armour Shoppe.
  4062 | D:6      | Reached XP level 8. HP: 38/78 MP: 7/7
  4447 | D:6      | Found a bloodstained altar of Trog.
  4452 | D:6      | Reached skill level 7 in Maces & Flails
  4681 | D:6      | Noticed Blork the orc
  4691 | D:6      | Killed Blork the orc
  5107 | D:7      | Reached skill level 5 in Fighting
  5173 | D:7      | Reached XP level 9. HP: 82/86 MP: 8/8
  5193 | D:7      | Noticed Prince Ribbit
  5226 | D:7      | Killed Prince Ribbit
  5375 | D:7      | Reached skill level 8 in Maces & Flails
  5375 | D:7      | Reached skill level 5 in Dodging
  5725 | D:7      | Found a staircase to the Ecumenical Temple.
  5736 | D:7      | Identified the +3 leather armour of Rationality {Harm rElec
                  | rCorr Int-3 SInv}
  5757 | D:7      | Identified the +5 rapier "Latud" {drain, +Blink Int-5
                  | Dex+5}
  6093 | D:7      | Found a burning altar of Makhleb.
  6173 | Temple   | Entered the Ecumenical Temple
  6179 | Temple   | Became a worshipper of Hepliaklqana the Forgotten
  6179 | Temple   | Reached * piety under Hepliaklqana
  6179 | Temple   | Reached ** piety under Hepliaklqana
  6180 | Temple   | Remembered your ancestor Xochitl as a battlemage
  6591 | D:8      | Noticed Grum
  6669 | D:8      | Killed Grum
  7250 | D:8      | Found a hide-covered altar of Uskayaw.
  7679 | D:9      | Reached skill level 9 in Maces & Flails
  7733 | D:9      | Reached XP level 10. HP: 17/88 MP: 9/9
  8455 | D:9      | Found a staircase to the Orcish Mines.
  8737 | D:9      | Found a blossoming altar of Fedhas.
  8749 | D:9      | Noticed an oklob plant
  9831 | D:9      | Killed an oklob plant
  9832 | D:9      | Reached skill level 1 in Bows
 10053 | Orc:1    | Entered Level 1 of the Orcish Mines
 10053 | Orc:1    | Found Poaq's Overcharged Wands.
 10099 | Orc:1    | Noticed a cyclops
 10110 | Orc:1    | Killed a cyclops
 10111 | Orc:1    | Reached skill level 10 in Maces & Flails
 10111 | Orc:1    | Reached skill level 1 in Throwing
 10316 | Orc:2    | Entered Level 2 of the Orcish Mines
 10316 | Orc:2    | Found Onategg's Distillery.
 10318 | Orc:2    | Noticed an ogre mage
 10318 | Orc:2    | Noticed a two-headed ogre
 10326 | Orc:2    | Noticed a two-headed ogre
 10514 | Orc:1    | Killed a two-headed ogre
 10515 | Orc:1    | Reached XP level 11. HP: 85/98 MP: 10/10
 10572 | Orc:1    | Slain by a two-headed ogre

Illustrated notes

Levels and vault maps discovered:
D:1:      beargit_arrival_greenhouse, layout_loops_ring,
          chequers_ecumenical_altar_lobes, serial_shops, nicolae_square_shop
D:2:      layout_basic, nicolae_figureground_sparkle, uniq_terence, uniq_natasha
D:3:      layout_rooms, minitemple, uniq_jessica
D:4:      layout_rooms, grunt_temple_overflow_opulence,
          lemuel_coloured_pillars_altar, st_stairs_12, minmay_quantized
D:5:      layout_loops_corners, chequers_serial_rivers_large_a
D:6:      layout_loops_corners, trog_ov_bears_minmay, serial_shops,
          kennysheep_mini_moat, supply_closet_lemuel, uniq_blork_the_orc
D:7:      layout_cave_pods, lightli_temple_of_fire,
          minmay_temple_entry_purple_smoke, kennysheep_generic_room_12,
          uniq_prince_ribbit1
D:8:      layout_loops_corners, mainiacjoe_overflow_24_doors, uniq_grum
D:9:      layout_basic, tgw_fedhas, minmay_orc_entry_temple_small, st_stairs_13
Temple:   eino_wide_crystal_templ
Orc:1:    layout_diamond_mine, nicolae_shop_overcharged_wands
Orc:2:    grunt_orc_cross, layout_caves, serial_shops,
          nicolae_shop_hallway_stairs

Skill      XL: |  1  2  3  4  5  6  7  8  9 10 |
---------------+-------------------------------+-----
Maces & Flails | 3 4 5 6 7 9 10 | 10.0
Fighting       | 3 4 5 6 7 |  7.3
Dodging        | 3 4 5 6 |  6.5
Stealth        | 2 3 4 |  4.1
Bows           | 2 |  2.6
Throwing       | 1 |  1.6

Action                   |  1- 3 |  4- 6 |  7- 9 | 10-12 || total
-------------------------+-------+-------+-------+-------++-------
Melee: Mace              |    98 |    66 |       |       ||   164
       Punch             |     2 |     2 |     5 |     9 ||    18
       Flail             |       |    74 |       |       ||    74
       Club              |       |    42 |   270 |   260 ||   572
 Fire: Shortbow          |       |       |       |    30 ||    30
Throw: Stone             |       |       |     2 |    16 ||    18
       Boomerang         |       |       |       |    21 ||    21
Invok: Ancestor Life: Ba |       |       |     1 |       ||     1
  Use: Scroll            |       |     2 |     9 |       ||    11
 Stab: Sleeping          |     3 |     3 |     3 |       ||     9
       Distracted        |       |     1 |     3 |     3 ||     7
Armor: Robe              |    36 |    58 |    56 |    14 ||   164
Dodge: Dodged            |    62 |    86 |   139 |    62 ||   349
